 Dungeon Crawl Stone Soup version 0.31-a0-988-g08d55dae12 (webtiles) character file.

Game seed: 10250029996739992049

1465 BinkBink the Thaumaturge (level 8, -1/41 HPs)
             Began as a Deep Elf Fire Elementalist on Nov 4, 2023.
             Was an Initiate of Vehumet.
             Slain by an orc warrior
             ... wielding a +0 trident
              (13 damage)
             ... on level 6 of the Dungeon.
             The game lasted 00:11:22 (5433 turns).

BinkBink the Thaumaturge (DEFE)                     Turns: 5433, Time: 00:11:23

Health: -1/41      AC:  4    Str:  5    XL:     8   Next: 48%
Magic:  6/22       EV: 12    Int: 23    God:    Vehumet [......]
Gold:   167        SH:  0    Dex: 15    Spells: 17/24 levels left

rFire   . . .        (no weapon)
rCold   . . .        (no shield)
rNeg    . . .        a - +0 robe
rPois   .            (no helmet)
rElec   .            o - +0 cloak
rCorr   .            (no gloves)
SInv    +            h - +0 pair of boots
Will    .....        x - amulet of the acrobat
Stlth   ++           c - +4 ring of slaying
HPRegen 0.26/turn    m - ring of see invisible
MPRegen 0.18/turn

%: acrobat
@: no status effects
A: no striking features
a: Renounce Religion


You were on level 6 of the Dungeon.
You worshipped Vehumet.
Vehumet was noncommittal.
You visited 1 branch of the dungeon, and saw 6 of its levels.

You collected 167 gold pieces.

Inventory:

Armour
 a - a +0 robe (worn)
 h - a +0 pair of boots (worn)
 o - a +0 cloak (worn)
Jewellery
 c - a +4 ring of slaying (left hand)
 m - a ring of see invisible (right hand)
 x - an amulet of the acrobat (around neck)
Wands
 l - a wand of paralysis (5)
 u - a wand of light (13)
 z - a wand of digging (1)
Scrolls
 e - 2 scrolls of teleportation
 f - a scroll of immolation
 g - 2 scrolls of poison
 i - 3 scrolls of vulnerability
 p - 2 scrolls of noise
 q - 2 scrolls of enchant weapon {unknown}
 t - a scroll of amnesia
Potions
 b - a potion of magic
 d - 4 potions of curing
 j - 2 potions of cancellation {unknown}
 n - a potion of resistance {unknown}
 r - a potion of lignification {unknown}
 s - a potion of mutation {unknown}
 w - a potion of attraction {unknown}


   Skills:
 - Level 2.4 Dodging
 - Level 2.4 Stealth
 + Level 8.6 Spellcasting
 + Level 6.6 Conjurations
 + Level 7.4 Fire Magic


You had 17 spell levels left.
You knew the following spells:

 Your Spells              Type           Power      Damage    Failure   Level
a - Foxfire               Conj/Fire      100%       2x1d9     1%          1
b - Scorch                Fire           88%        2d8       1%          2
c - Flame Wave            Conj/Fire      42%        2d11      3%          4

Your spell library contained the following spells:

 Spells                   Type           Power      Damage    Failure   Level
 Dazzling Flash           Conj/Hex       50%        N/A       4%          3
 Inner Flame              Hex/Fire       27%        N/A       4%          3
 Volatile Blastmotes      Fire/Tloc      54%        2d14      4%          3
 Ignite Poison            Fire/Tmut/Pois 21%        N/A       7%          3
 Cigotuvi's Dreadful Rot  Necr/Pois/Air  18%        N/A       10%         2
 Freezing Cloud           Conj/Ice/Air   10%        6-21      58%         5
 Agony                    Necr           9%         N/A       88%         5
 Silence                  Hex/Air        4%         N/A       88%         5


Dungeon Overview and Level Annotations

Branches:
Dungeon (6/15)
 Temple: D:4-7

Altars:
Ashenzari
Elyvilon
Makhleb
Qazlal
Ru
Sif Muna
Vehumet
Yredelemnul

Shops:
D:1 !


Message History

The orc warrior is moderately wounded.
The orc warrior's fire resistance burns away.
Casting: Scorch (safe; 1% risk of failure)
Confirm with . or Enter, or press ? or * to list all spells.
Flames lash the orc.
You kill the orc!
Vehumet accepts your kill.
The orc warrior hits you from afar with a +0 trident!
An orc comes into view. It is wielding a +0 club.
The orc warrior hits you with a +0 trident.
You see here a +0 dagger.
Casting: Scorch (safe; 1% risk of failure)
Confirm with . or Enter, or press ? or * to list all spells.
Casting: Flame Wave (dangerous; 3% risk of failure)
Press: ? - help, Dir - look around, f - activate A wave of flame ripples out!
The flame wave engulfs the orc warrior but does no damage.
The orc warrior is moderately wounded. (Press . to intensify the flame waves.)
The orc warrior hits you with a +0 trident!
A wave of flame ripples out!
The flame wave engulfs the orc warrior!
The orc warrior is burned terribly!
The orc warrior is heavily wounded.
The flame wave engulfs the orc!
You kill the orc!
Vehumet accepts your kill.
The orc warrior is no longer more vulnerable to fire.
The orc warrior hits you with a +0 trident!
* * * LOW HITPOINT WARNING * * *
A wave of flame ripples out!
The flame wave engulfs the orc warrior!
The orc warrior is almost dead.
The flame wave engulfs the orc!
You kill the orc!
Vehumet accepts your kill.
You finish channelling waves of flame.
The orc warrior misses you.
Casting: Flame Wave (dangerous; 3% risk of failure)
Confirm with . or Enter, or press ? or * to list all spells.
Flames lash the orc warrior but do no damage.
The orc warrior hits you with a +0 trident!
You die...

.o
....#####
o..oo...#
#.# #)#
#o# #@#
#<# #.#
#.# #.#
#.# #[#
#.# ###


You could see an orc warrior.

Vanquished Creatures
  Pikel (D:5)
  Menkaure (D:4)
  An ogre (D:5)
  3 lemures (D:5)
  2 scorpions (D:5)
  5 killer bees (D:4)
  A hound (D:5)
  3 orc priests (D:5)
  2 sleepcaps (D:5)
  4 orc wizards
  3 gnolls (D:5)
  6 adders
  2 ufetubi (D:5)
  2 worms
  A dart slug (D:3)
  19 orcs
  7 endoplasms
  2 giant cockroaches (D:2)
  6 hobgoblins
  5 jackals
  4 kobolds
  4 quokkas
  7 ball pythons
  4 bats
  3 frilled lizards (D:1)
  3 goblins
  8 rats
109 creatures vanquished.

Vanquished Creatures (others)
  338 foxfires
338 creatures vanquished.

Grand Total: 447 creatures vanquished

Notes
Turn   | Place    | Note
-------+----------+-------------------------------------------
     0 | D:1      | BinkBink the Deep Elf Fire Elementalist began the quest for
                  | the Orb.
     0 | D:1      | Reached XP level 1. HP: 10/10 MP: 6/6
   122 | D:1      | Found Vilohuv's Distillery.
   210 | D:1      | Reached XP level 2. HP: 15/15 MP: 6/8
  1085 | D:2      | Reached XP level 3. HP: 19/19 MP: 6/10
  1239 | D:2      | Identified the +10 whip "Hune" {antimagic, rC+}
  1670 | D:2      | Learned a level 2 spell: Scorch
  1737 | D:3      | Reached skill level 4 in Spellcasting
  2162 | D:3      | Reached XP level 4. HP: 24/24 MP: 3/12
  2260 | D:3      | Found a stormy altar of Qazlal.
  3041 | D:4      | Reached XP level 5. HP: 21/28 MP: 1/14
  3187 | D:4      | Reached skill level 5 in Spellcasting
  3554 | D:4      | Reached skill level 5 in Fire Magic
  3554 | D:4      | Reached XP level 6. HP: 31/32 MP: 3/16
  3653 | D:4      | Reached skill level 6 in Spellcasting
  3659 | D:4      | HP: 1/32 [poisoned by a killer bee]
  3893 | D:4      | Found a burning altar of Makhleb.
  3896 | D:4      | Found a shimmering blue altar of Sif Muna.
  3897 | D:4      | Found a sacrificial altar of Ru.
  3897 | D:4      | Found a white marble altar of Elyvilon.
  4004 | D:4      | Noticed Menkaure
  4010 | D:4      | Killed Menkaure
  4011 | D:4      | Reached XP level 7. HP: 36/36 MP: 11/18
  4170 | D:5      | Entered Level 5 of the Dungeon
  4371 | D:5      | Reached skill level 5 in Conjurations
  4374 | D:5      | Reached skill level 7 in Spellcasting
  4690 | D:5      | Found a basalt altar of Yredelemnul.
  4692 | D:5      | Found a radiant altar of Vehumet.
  4696 | D:5      | Found a broken altar of Ashenzari.
  4712 | D:5      | Became a worshipper of Vehumet
  4999 | D:5      | Noticed Pikel
  5008 | D:5      | Killed Pikel
  5009 | D:5      | Reached skill level 8 in Spellcasting
  5009 | D:5      | Reached XP level 8. HP: 41/41 MP: 9/22
  5416 | D:6      | Learned a level 4 spell: Flame Wave
  5433 | D:6      | Slain by an orc warrior

Illustrated notes

Levels and vault maps discovered:
D:1:      nzn_arrival_settlement, layout_rooms, serial_shops, shop,
          amethyst_killhole
D:2:      minmay_wonky_spiral, layout_basic
D:3:      layout_loops_corners, old_standard_altar, hangedman_decor_riveting,
          dk_noncrumbling_3, kennysheep_flooded_box, hangedman_decor_growths,
          st_stairs_5
D:4:      layout_basic, grunt_temple_overflow_open, uniq_menkaure
D:5:      layout_rooms, gammafunk_temple_overflow_forgotten,
          reono_crystal_passage, uniq_pikel
D:6:      layout_basic, uniq_sigmund

Skill      XL: |  1  2  3  4  5  6  7 |
---------------+----------------------+-----
Conjurations   | 2 3 4 6 |  6.6
Spellcasting   | 4 5 6 8 |  8.6
Fire Magic     | 4 5 7 |  7.4
Dodging        | |  2.4
Stealth        | |  2.4

Action                     |  1- 3 |  4- 6 |  7- 9 || total
---------------------------+-------+-------+-------++-------
   Cast: Foxfire           |    70 |    46 |    80 ||   196
         Scorch            |     9 |    17 |    26 ||    52
         Flame Wave        |       |       |     1 ||     1
    Use: Scroll            |       |     4 |     6 ||    10
         Potion            |       |     1 |       ||     1
 Armour: Robe              |     1 |    13 |    15 ||    29
  Dodge: Dodged            |     1 |    21 |    18 ||    40

Table legend: (Time is in decaauts)
 A = Elapsed time spent in this place.
 B = Non-inter-level travel time spent in this place.
 C = Inter-level travel time spent in this place.
 D = Time resting spent in this place.
 E = Time spent auto-exploring this place.
 F = Levels seen in this place.
 G = Mean time per level.
                   A        B        C        D        E       F      G
               +--------+--------+--------+--------+--------+-----+--------+
         Total |   5432 |   5211 |    221 |    200 |   4225 |   6 |  905.3 |
       Dungeon |   5432 |   5211 |    221 |    200 |   4225 |   6 |  905.3 |
               +--------+--------+--------+--------+--------+-----+--------+

Top non-repeatable levels by time:
     D:4: 1384 daAuts
     D:3: 1200 daAuts
     D:5: 1098 daAuts
     D:1: 885 daAuts
     D:2: 833 daAuts
     D:6: 30 daAuts
